 Dungeon Crawl Stone Soup version 0.28-a0-265-g048bc9fd10 (webtiles) character file.

Game seed: 6374884642664904878

46 Shayle the Ducker (level 3, -1/29 HPs)
             Began as a Djinni Warper on Aug 27, 2021.
             Slain by an adder (2 damage)
             ... on level 2 of the Dungeon.
             The game lasted 00:03:50 (1909 turns).

Shayle the Ducker (Djinni Warper)                   Turns: 1909, Time: 00:03:50

Health: -1/29      AC:  4    Str: 10    XL:     3   Next: 95%
Gold:   548        EV: 12    Int: 15    God:
                   SH:  0    Dex: 12

rFire   + + .      SeeInvis .   d - +0 battleaxe (elec)
rCold   x . .      Faith    .   (shield currently unavailable)
rNeg    . . .      Spirit   .   a - +1 leather armour
rPois   ∞          Reflect  .   (no helmet)
rElec   .          Harm     .   (no cloak)
rCorr   .          Rampage  .   (no gloves)
Will    .....                   (boots unavailable)
Stlth   +.........              (no amulet)
HPRegen 0.09/turn               (no ring)
MPRegen 0.00/turn               (no ring)

@: flying
A: sickness immunity, fire resistance 2, cold vulnerability 1, float, innate
caster, hp casting, extra vitality 1
a: no special abilities


You were on level 2 of the Dungeon.
You visited 1 branch of the dungeon, and saw 2 of its levels.

You collected 548 gold pieces.

Inventory:

Hand Weapons
 d - a +0 battleaxe of electrocution (weapon)
Missiles
 c - 5 boomerangs of dispersal (quivered)
Armour
 a - a +1 leather armour (worn)
Jewellery
 e - an amulet of faith
Scrolls
 b - a scroll of blinking
 g - a scroll of teleportation
 h - a scroll of fear {unknown}
 k - a scroll of noise
Potions
 f - 2 potions of heal wounds {unknown}
 i - a potion of haste {unknown}


   Skills:
 + Level 2.6 Fighting
 - Level 0.7 Throwing
 - Level 1.0 Armour
 + Level 2.8 Dodging
 + Level 2.5 Unarmed Combat
 + Level 2.7 Spellcasting


You couldn't memorise any spells.
You knew the following spells:

 Your Spells              Type           Power      Damage    Failure   Level
a - Blink                 Tloc           N/A        N/A       14%         2
b - Lesser Beckoning      Tloc           5%         N/A       26%         3
c - Gell's Gravitas       Tloc           5%         N/A       26%         3
d - Teleport Other        Tloc           10%        N/A       26%         3
e - Manifold Assault      Tloc           10%        N/A       94%         5
f - Apportation           Tloc           20%        N/A       9%          1
Your spell library was empty.

Dungeon Overview and Level Annotations

Branches:
Dungeon (2/15)

Altars:


Innate Abilities, Weirdness & Mutations

You are immune to sickness and miasma.
You are immune to poison.
Your flesh is very heat resistant. (rF++)
You are vulnerable to cold. (rC-)
You float through the air rather than walking.
You learn spells naturally, not from books.
Your magical power is your life essence.
You have superior vitality. (+4 HP)


Message History

An adder comes into view.
You completely miss the adder.
The adder hisses angrily.
The adder barely misses you. The adder bites you.
You miss the adder. The adder misses you. The adder bites you.
You completely miss the adder. The adder barely misses you.
The adder completely misses you.
You miss the adder. The adder misses you. The adder bites you.
The adder bites you but does no damage.
You closely miss the adder. The adder completely misses you.
The adder bites you.
You barely miss the adder. The adder misses you.
The adder bites you but does no damage.
You completely miss the adder. The adder bites you.
The adder bites you but does no damage.
You closely miss the adder. The adder bites you. x2
You slash the adder!
The adder is heavily wounded.
The adder closely misses you. x3
You closely miss the adder.
The adder is heavily wounded.
The adder barely misses you. The adder bites you but does no damage.
You closely miss the adder.
The adder is heavily wounded.
The adder bites you. x2
* * * LOW HITPOINT WARNING * * *
You completely miss the adder.
The adder is heavily wounded.
The adder bites you but does no damage. The adder closely misses you.
You barely miss the adder.
The adder is heavily wounded.
The adder bites you.
* * * LOW HITPOINT WARNING * * *
The adder bites you but does no damage.
You closely miss the adder.
The adder is heavily wounded.
The adder bites you but does no damage. The adder bites you.
* * * LOW HITPOINT WARNING * * *
The adder bites you.
You die...

#.. #....#####
#..##........####
##...............#
##....#.##........#
........##.#......#####
#................... ..
#....##.##.......... ..#
#....##.##..........
#.###...........@.......
.......####..#.##S#.####
#.###..# #....# ...
.......# #..... .....
.......## #.#.#.........
........# #.........####
....###.#####.####...
.)......... ... ....
#.#.###.###


You could see an adder.

Vanquished Creatures
  2 adders (D:2)
  An endoplasm (D:1)
  2 hobgoblins
  4 jackals (D:2)
  2 kobolds (D:1)
  A quokka (D:1)
  2 ball pythons (D:1)
  4 bats
  2 frilled lizards (D:1)
  3 goblins
  5 rats
28 creatures vanquished.

Vanquished Creatures (others)
  2 plants (D:2)
2 creatures vanquished.

Grand Total: 30 creatures vanquished

Notes
Turn   | Place    | Note
-------+----------+-------------------------------------------
     0 | D:1      | Shayle the Djinni Warper began the quest for the Orb.
     0 | D:1      | Reached XP level 1. HP: 18/18 MP: 0/0
   563 | D:1      | Reached XP level 2. HP: 14/23 MP: 0/0
  1309 | D:2      | Reached XP level 3. HP: 17/29 MP: 0/0
  1309 | D:2      | Learned a level 1 spell: Apportation
  1561 | D:2      | Found a faded altar of an unknown god.
  1887 | D:2      | Identified 2 scrolls of acquirement
  1887 | D:2      | Acquired 523 gold pieces
  1889 | D:2      | Acquired a +0 battleaxe of electrocution
  1909 | D:2      | HP: 1/29 [adder (4)]
  1909 | D:2      | Slain by an adder

Illustrated notes

Levels and vault maps discovered:
D:1:      dpeg_arrival_rooms_c, layout_loops_ring
D:2:      cheibrodos_helix_gallery, layout_basic,
          shapermc_ecumenical_altar_mp_ritualfount, nrook_mini_backslash,
          grunt_decor_one_mirror, hangedman_abyss_or_decor_lesser_grid

Action                   || total
-------------------------++-------
Melee: Unarmed           ||   129
       Battleaxe         ||    14
       Punch             ||     1
  Use: Scroll            ||     5
Armor: Leather armour    ||    48
Dodge: Dodged            ||    99

Table legend: (Time is in decaauts)
 A = Elapsed time spent in this place.
 B = Non-inter-level travel time spent in this place.
 C = Inter-level travel time spent in this place.
 D = Time resting spent in this place.
 E = Time spent auto-exploring this place.
 F = Levels seen in this place.
 G = Mean time per level.
                   A        B        C        D        E       F      G
               +--------+--------+--------+--------+--------+-----+--------+
         Total |   1911 |   1899 |     12 |    382 |   1171 |   2 |  955.5 |
       Dungeon |   1911 |   1899 |     12 |    382 |   1171 |   2 |  955.5 |
               +--------+--------+--------+--------+--------+-----+--------+

Top non-repeatable levels by time:
     D:1: 1255 daAuts
     D:2: 656 daAuts
